 Dungeon Crawl Stone Soup version 0.19.0-24-gb05acd6 (webtiles) character file.

125941 nikopol the Severer (level 16, -3/104 HPs)
             Began as a Gargoyle Berserker on Nov 20, 2016.
             Was the Champion of Trog.
             Slain by a tarantella (7 damage)
             ... on level 2 of the Spider Nest.
             The game lasted 01:43:06 (31763 turns).

nikopol the Severer (Gargoyle Berserker)           Turns: 31763, Time: 01:43:07

Health: -3/104     AC:  8    Str: 21    XL:     16   Next: 97%
Magic:  5/5        EV: 11    Int: 11    God:    Trog [******]
Gold:   2864       SH:  0    Dex: 13    Spells: 0 memorised, 15 levels left

rFire  + . .     SeeInvis .     a - +8 battleaxe (antimagic)
rCold  + + +     Gourm    .     T - +8 plate armour "Gaf Jupi" {rElec rC+}
rNeg   + . .     Faith    .     (shield currently unavailable)
rPois  ∞         Spirit   .     (no helmet)
rElec  +         Reflect  +     b - +2 cloak {rC+}
rCorr  .         Harm     .     R - +1 pair of gloves
MR     +....                    u - +1 pair of boots
Stlth  ..........               H - +3 amulet of reflection
                                d - ring of protection from cold
                                S - ring of protection from fire

@: confused, corroded
A: big wings, blink, negative energy resistance 1, sense surroundings 1,
electricity resistance, unbreathing, petrification resistance, rot immunity, AC
+11
a: Fly, Blink, Berserk, Trog's Hand, Brothers in Arms, Burn Spellbooks, Renounce
Religion


You were on level 2 of the Spider Nest.
You worshipped Trog.
Trog was exalted by your worship.
You were hungry.

You visited 4 branches of the dungeon, and saw 25 of its levels.
You also visited: Labyrinth, Ossuary and Ice Cave.

You collected 2890 gold pieces.
You spent 26 gold pieces at shops.

Inventory:

Hand Weapons
 a - a +8 antimagic battleaxe (weapon)
 z - the +13 shortbow of Untimely Demise {velocity, rC- Str+5 Int+2 Stlth+}
   (Trog gifted it to you on level 7 of the Dungeon)

   Any arrow fired from it inflicts extra damage.
   It affects your strength (+5).
   It affects your intelligence (+2).
   It makes you vulnerable to cold.
   It makes you more stealthy.
 N - a +3 battleaxe of freezing
Missiles
 h - 532 arrows (quivered)
Armour
 b - a +2 cloak of cold resistance (worn)
 g - a +2 large shield of cold resistance
 u - a +1 pair of boots (worn)
 R - a +1 pair of gloves (worn)
 T - the +8 plate armour "Gaf Jupi" (worn) {rElec rC+}
   (You found it on level 3 of the Lair of Beasts)

   It protects you from cold.
   It insulates you from electricity.
 X - a +2 shield
Rods
 D - a +3 rod of clouds (11/11)
   (You found it in a labyrinth)
Jewellery
 d - a ring of protection from cold (right hand)
 H - a +3 amulet of reflection (around neck)
 S - a ring of protection from fire (left hand)
Wands
 n - a wand of digging (10/24)
 A - a wand of disintegration (0/24)
Scrolls
 f - 4 scrolls of fog
 l - 2 scrolls of recharging
 r - 4 scrolls of blinking
 w - 15 scrolls of remove curse
 x - 2 scrolls of enchant armour
 y - 9 scrolls of teleportation
 C - 6 scrolls of fear
 P - a scroll of holy word
Potions
 j - a potion of cure mutation {unknown}
 k - 7 potions of haste
 p - 6 potions of brilliance
 t - 2 potions of might
 v - 4 potions of magic
 B - 10 potions of curing
 E - a potion of ambrosia {unknown}
 F - 5 potions of agility
 G - 2 potions of cancellation {unknown}
 K - 5 potions of heal wounds
 L - 7 potions of flight
 O - 3 potions of resistance
 U - a potion of invisibility {unknown}
Comestibles
 c - 19 bread rations
 o - 9 fruits
 q - 15 meat rations
 s - 4 slices of pizza
 I - 10 royal jellies


   Skills:
 + Level 13.1 Fighting
 * Level 15.0 Axes
 * Level 14.7 Bows
 + Level 13.1 Armour
 + Level 10.1 Dodging


You had 15 spell levels left.
You didn't know any spells.

Dungeon Overview and Level Annotations

Branches:
Dungeon (15/15)            Temple (0/1) D:5            Lair (6/6) D:8
 Shoals (0/4) Lair:3       Spider (2/4) Lair:2        Slime (0/5) Lair:6
    Orc (2/2) D:10            Elf (0/3) Orc:2        Vaults (0/5) D:13
 Depths (0/5) D:15

Altars:
Fedhas
Gozag
Makhleb
Ru
Trog
Xom
The Shining One
Beogh
Jiyva

Shops:
D:12 *   D:15 %   Orc:1 =   Orc:2 ?([[

Portals:
Hell: Lair:6

Annotations:
Lair:1 exclusion: 2 oklob plants


Innate Abilities, Weirdness & Mutations

You are resistant to torment.
Your stone body is resilient. (AC +11)
You are immune to poison.
Your large and strong wings let you fly indefinitely.
You resist negative energy. (rN+)
You are resistant to electric shocks. (rElec)
You can survive without breathing.
You are immune to petrification.
You are immune to rotting.
You can translocate small distances at will.
You passively map a small area around you.


Message History

* * * LOW HITPOINT WARNING * * *
The wolf spider barely misses you.
The jumping spider leaps!
The tarantella bites you but does no damage.
The tarantella bites you.
* * * LOW HITPOINT WARNING * * *
The orb of destruction hits the wolf spider.
The wolf spider is blown up!
The jumping spider pounces on you.
* * * LOW HITPOINT WARNING * * *
The jumping spider bites you but does no damage.
The entropy weaver gestures wildly while chanting.
The entropic weave corrodes you! The jumping spider closely misses you.
The jumping spider barely misses you.
You're too confused!
You bump into the rock wall.
The tarantella bites you!
* * * LOW HITPOINT WARNING * * *
The jumping spider barely misses you. The jumping spider misses you.
The tarantella bites you!
You die...

################### ,
.............#....# ,
.^...^<...........##
........ss..s......##
,,,
.##...§..@.a........#
....§§s.#...#..#....# ,
...........###^§....##
,...........##.s......#
,
,(..........#s*#..##...
,
.#....#...##s.<†.....#,*
, #..$.#..###...†...#...
* ..^.^#..#.^......^...
*.....^.#.(.....#.^.# ,


You could see an entropy weaver, 2 orb spiders, a jumping spider and a
tarantella.

Vanquished Creatures
  Rupert (Lair:3)
  Kirke (D:13)
  An orc warlord (Orc:2)
  2 entropy weavers (Spider:1)
  A minotaur (Lab)
  Josephine (D:11)
  4 vault guards (D:13)
  Erolcha (D:11)
  Fannar (D:11)
  11 hydras
  A rakshasa (D:15)
  5 centaur warriors
  A death knight (D:15)
  A satyr (shapeshifter) (D:15)
  A tengu warrior (D:15)
  An orc high priest (Orc:2)
  A sun demon (Lair:6)
  The ghost of Galewind the Thaumaturge, a journeyman DECj of Vehumet (Lab)
  A fire crab (Lair:5)
  A sixfirhy (Lair:6)
  A skeletal warrior (D:11)
  A glowing orange brain (D:15)
  A wizard (Lair:6)
  A flayed ghost (D:15)
  3 hill giants
  5 orc knights
  10 ugly things
  A phantasmal warrior (D:15)
  A deep elf mage (D:13)
  2 cyclopes
  An orc sorcerer (Orc:2)
  5 wolf spiders (Spider:1)
  3 orb spiders
  2 manticores (D:13)
  9 elephants (Lair:3)
  2 oklob plants (Lair:1)
  4 black mambas
  2 ice statues (IceCv)
  3 orange demons (Lair:6)
  13 spiny frogs
  A torpor snail (Spider:1)
  5 gargoyles
  5 rime drakes
  A kobold demonologist (D:15)
  6 komodo dragons
  3 ice devils (Lair:6)
  An efreet (D:11)
  5 freezing wraiths (D:15)
  4 tengu conjurers (D:15)
  2 demonic crawlers (Spider:1)
  A hellwing (Lair:6)
  3 red devils (Lair:6)
  3 meliai (D:15)
  5 trolls
  9 jumping spiders (Spider:1)
  A two-headed ogre (D:15)
  12 polar bears (IceCv)
  32 blink frogs
  A two-headed ogre (shapeshifter) (D:15)
  12 dream sheep
  3 hornets
  A meliai zombie (D:14)
  15 slime creatures
  12 hippogriffs
  32 redbacks
  4 wyverns
  3 vampires
  8 wraiths
  A shadow (D:14)
  16 tarantellas
  44 yaks
  6 basilisks
  A golden eye (shapeshifter) (D:15)
  3 hogs (D:13)
  6 hungry ghosts
  8 wargs
  A soldier ant (D:12)
  7 porcupines
  8 water moccasins
  34 orc warriors
  4 black bears
  A black bear (shapeshifter) (D:15)
  4 sky beasts
  2 eyes of draining
  5 phantoms
  13 ice beasts
  22 wolves
  10 ogres
  13 centaurs
  17 crocodiles
  6 big kobolds
  16 bullfrogs
  A wyvern zombie (D:8)
  A water moccasin skeleton (D:9)
  6 scorpions
  17 wights
  2 electric eels
  2 howler monkeys
  8 crimson imps
  2 centaur zombies
  3 quasits
  A bullfrog zombie (D:11)
  7 jellies
  3 centaur skeletons
  7 hounds
  18 orc priests
  30 orc wizards
  6 iguanas
  10 worker ants
  A hound zombie (D:5)
  A hound skeleton (D:10)
  A howler monkey zombie (D:8)
  Robin (D:2)
  2 worker ant zombies
  10 gnolls
  16 adders
  5 shadow imps
  13 oozes
  2 adder skeletons
  3 adder zombies
  4 worms
  2 dart slugs
  5 leopard geckos
  120 orcs
  3 ball pythons
  A giant cockroach (D:2)
  16 goblins
  17 hobgoblins
  7 jackals
  47 kobolds
  3 quokkas
  8 bats
  4 frilled lizards
  A hobgoblin skeleton (Ossuary)
  2 kobold zombies (Ossuary)
  An orc skeleton (Ossuary)
  4 orc zombies (Ossuary)
  2 quokka skeletons
  7 rats
  13 fungi
  18 plants
1010 creatures vanquished.

Vanquished Creatures (collateral kills)
  A frost giant (IceCv)
  A hydra (D:11)
  3 skeletal warriors (D:11)
  A wolf spider (Spider:2)
  2 orb spiders (Spider:1)
  A demonic crawler (Spider:2)
  A polar bear (IceCv)
  A tarantella (Spider:1)
  2 yaks (IceCv)
  2 wolves (IceCv)
  A jelly (D:9)
16 creatures vanquished.

Vanquished Creatures (others)
  A wolf spider (Spider:2)
  A cyclops (D:14)
  A centaur (D:7)
  A goblin (D:2)
  14 fungi
  18 plants
36 creatures vanquished.

Grand Total: 1062 creatures vanquished

Notes
Turn   | Place    | Note
-------+----------+-------------------------------------------
     0 | D:1      | nikopol the Gargoyle Berserker began the quest for the Orb.
     0 | D:1      | Reached XP level 1. HP: 14/14 MP: 1/1
   545 | D:1      | Reached XP level 2. HP: 19/19 MP: 2/2
   938 | D:2      | Noticed Robin
   955 | D:1      | Reached skill level 3 in Axes
   955 | D:1      | Reached XP level 3. HP: 13/24 MP: 3/3
  1085 | D:2      | Killed Robin
  1091 | D:2      | Reached ** piety under Trog
  1241 | D:2      | Reached XP level 4. HP: 23/29 MP: 4/4
  1776 | D:3      | Reached XP level 5. HP: 29/33 MP: 5/5
  2092 | D:3      | Reached *** piety under Trog
  2092 | D:3      | Reached XP level 6. HP: 25/39 MP: 6/6
  2406 | D:3      | Reached skill level 4 in Axes
  2720 | D:4      | Found an opulent altar of Gozag.
  2816 | D:4      | Reached skill level 5 in Fighting
  3096 | D:4      | Reached XP level 7. HP: 44/44 MP: 7/7
  3194 | D:5      | Entered Level 5 of the Dungeon
  3878 | D:5      | Found a staircase to the Ecumenical Temple.
  4008 | D:5      | Reached **** piety under Trog
  4008 | D:5      | Reached skill level 5 in Axes
  4080 | D:6      | Reached skill level 5 in Armour
  4318 | D:6      | Reached XP level 8. HP: 47/50 MP: 8/8
  4547 | D:7      | Found a shimmering altar of Xom.
  4561 | D:7      | Found a sand-covered staircase.
  4566 | Ossuary  | Entered an ossuary
  4668 | Ossuary  | Noticed a wraith
  4668 | Ossuary  | Noticed a flying skull
  4678 | Ossuary  | Noticed a flying skull
  4699 | Ossuary  | Noticed a flying skull
  4708 | Ossuary  | Noticed a flying skull
  4766 | Ossuary  | Noticed a flying skull
  4774 | Ossuary  | Noticed a wraith
  4782 | Ossuary  | Killed a wraith
  4782 | Ossuary  | Reached skill level 6 in Axes
  4955 | Ossuary  | Noticed a wraith
  4975 | Ossuary  | Killed a wraith
  5255 | D:7      | Reached XP level 9. HP: 50/56 MP: 9/9
  5314 | D:7      | Reached skill level 1 in Bows
  5685 | D:7      | Reached ***** piety under Trog
  6057 | D:7      | Reached skill level 7 in Axes
  6196 | D:7      | Received a gift from Trog
  6206 | D:7      | Got a crystal shortbow {god gift}
  6207 | D:7      | Identified the +13 shortbow of Untimely Demise {velocity, rC- Str+5 Int+2 Stlth+} (Trog gifted it to you on level 7 of the Dungeon)
  6214 | D:7      | Noticed a hornet
  6217 | D:7      | Killed a hornet
  6612 | D:8      | Reached skill level 5 in Dodging
  6805 | D:8      | Reached XP level 10. HP: 40/63 MP: 10/10
  7379 | D:8      | Reached skill level 8 in Axes
  7411 | D:8      | Found a staircase to the Lair.
  7889 | D:9      | Reached skill level 5 in Bows
  8766 | Lair:1   | Entered Level 1 of the Lair of Beasts
  8843 | Lair:1   | Reached skill level 9 in Axes
  8863 | Lair:1   | Reached XP level 11. HP: 68/68 MP: 11/11
  8865 | Lair:1   | Found a frozen archway.
  8891 | IceCv    | Entered an ice cave
  8999 | IceCv    | Received a gift from Trog
  9472 | IceCv    | Noticed a frost giant
  9487 | IceCv    | Killed a frost giant
  9487 | IceCv    | Reached skill level 10 in Axes
 10117 | Lair:1   | Reached XP level 12. HP: 71/75 MP: 12/12
 10123 | Lair:1   | Received a gift from Trog
 11129 | Lair:1   | Noticed a six-headed hydra
 11133 | Lair:1   | Killed a six-headed hydra
 12525 | Lair:2   | Reached skill level 11 in Axes
 12764 | Lair:2   | Noticed a four-headed hydra
 12769 | Lair:2   | Killed a four-headed hydra
 12863 | Lair:2   | Found a hole to the Spider Nest.
 13151 | Lair:3   | Reached skill level 10 in Bows
 13153 | Lair:3   | Reached XP level 13. HP: 82/82 MP: 13/13
 13170 | Lair:3   | Reached skill level 10 in Fighting
 13190 | Lair:3   | Reached skill level 10 in Armour
 13355 | Lair:3   | Received a gift from Trog
 13814 | Lair:3   | Got a bloodstained plate armour
 13825 | Lair:3   | Identified the +8 plate armour "Gaf Jupi" {rElec rC+} (You found it on level 3 of the Lair of Beasts)
 13958 | Lair:3   | Noticed Rupert
 13971 | Lair:3   | Killed Rupert
 14094 | Lair:3   | Reached skill level 12 in Axes
 14327 | Lair:3   | Found a staircase to the Shoals.
 16055 | Lair:5   | Gained mutation: Your large and strong wings let you fly indefinitely. [Gargoyle growth]
 16055 | Lair:5   | Reached XP level 14. HP: 88/88 MP: 14/14
 16501 | Lair:6   | Entered Level 6 of the Lair of Beasts
 16564 | Lair:6   | Found a staircase to the Slime Pits.
 16570 | Lair:6   | Reached ****** piety under Trog
 17370 | Lair:6   | Received a gift from Trog
 17392 | Lair:6   | Found a burning altar of Makhleb.
 17708 | Lair:6   | Found a gateway to Hell.
 18266 | D:9      | Found a blossoming altar of Fedhas.
 18349 | D:9      | Reached skill level 13 in Axes
 18394 | D:9      | Found a viscous altar of Jiyva.
 18739 | D:10     | Entered Level 10 of the Dungeon
 18886 | D:10     | Found a staircase to the Orcish Mines.
 19491 | Orc:1    | Entered Level 1 of the Orcish Mines
 19501 | Orc:1    | Found Cargh's Jewellery Shoppe.
 19538 | Orc:1    | Received a gift from Trog
 19707 | Orc:1    | Found a bloodstained altar of Trog.
 20025 | Orc:2    | Entered Level 2 of the Orcish Mines
 20025 | Orc:2    | Found a staircase to the Elven Halls.
 20496 | Orc:2    | Found a roughly hewn altar of Beogh.
 20538 | Orc:2    | Received a gift from Trog
 20542 | Orc:2    | Noticed an orc warlord
 20544 | Orc:2    | Reached XP level 15. HP: 96/96 MP: 15/15
 20582 | Orc:2    | Killed an orc warlord
 20750 | Orc:2    | Found a roughly hewn altar of Beogh.
 20750 | Orc:2    | Found Exil's Antique Armour Shoppe.
 20758 | Orc:2    | Found Jetzumua's Antique Weapon Emporium.
 20823 | Orc:2    | Found a roughly hewn altar of Beogh.
 20891 | Orc:2    | Found a roughly hewn altar of Beogh.
 20910 | Orc:2    | Found Zewik's Armour Shoppe.
 20990 | Orc:2    | Found a roughly hewn altar of Beogh.
 21118 | Orc:2    | Found a roughly hewn altar of Beogh.
 21311 | Orc:2    | Found a roughly hewn altar of Beogh.
 21340 | Orc:2    | Found Godadaz's Magic Scroll Emporium.
 21352 | Orc:2    | Bought a scroll of identify for 26 gold pieces
 21364 | Orc:2    | Gained mutation: You passively map a small area around you. [potion of beneficial mutation]
 21365 | Orc:2    | Gained mutation: You can translocate small distances at will. [potion of beneficial mutation]
 21569 | D:11     | You fall through a shaft!
 21574 | D:12     | Received a gift from Trog
 22149 | D:11     | Found a sacrificial altar of Ru.
 22160 | D:11     | Noticed Erolcha
 22164 | D:11     | Killed Erolcha
 22411 | D:11     | Noticed Fannar
 22415 | D:11     | Killed Fannar
 22864 | D:11     | Noticed Josephine
 22872 | D:11     | Killed Josephine
 23028 | D:12     | Found Ejiyrairr's Assorted Antiques.
 23055 | D:12     | Received a gift from Trog
 23531 | D:13     | Noticed Kirke
 23539 | D:13     | Received a gift from Trog
 23621 | D:13     | Killed Kirke
 24203 | D:13     | Found a gate to the Vaults.
 24236 | D:13     | Received a gift from Trog
 24258 | D:13     | Reached skill level 14 in Axes
 24770 | D:14     | Received a gift from Trog
 24777 | D:14     | Reached XP level 16. HP: 103/103 MP: 16/16
 24916 | D:14     | Found a glowing golden altar of the Shining One.
 25057 | D:14     | Found a labyrinth entrance.
 25067 | Lab      | Entered a labyrinth
 25387 | Lab      | Paralysed by fainting for 11 turns
 25404 | Lab      | Paralysed by fainting for 12 turns
 25436 | Lab      | Paralysed by fainting for 7 turns
 25443 | Lab      | Paralysed by fainting for 10 turns
 25463 | Lab      | Paralysed by fainting for 9 turns
 26848 | Lab      | Noticed Galewind's ghost (journeyman DECj)
 26863 | Lab      | Killed Galewind's ghost
 27445 | D:14     | Received a gift from Trog
 28098 | D:15     | Entered Level 15 of the Dungeon
 28585 | D:15     | Found Gyts's Food Shoppe.
 29056 | D:15     | Received a gift from Trog
 29090 | D:15     | Paralysed by a great orb of eyes for 4 turns
 29112 | D:15     | Found a staircase to the Depths.
 29662 | D:10     | Received a gift from Trog
 29880 | Spider:1 | Entered Level 1 of the Spider Nest
 31476 | Spider:1 | Reached skill level 10 in Dodging
 31718 | Spider:2 | Received a gift from Trog
 31751 | Spider:2 | Reached skill level 15 in Axes
 31763 | Spider:2 | HP: 4/104 [tarantella (9)]
 31763 | Spider:2 | Slain by a tarantella

Skill      XL: |  1  2  3  4  5  6  7  8  9 10 11 12 13 14 15 16 |
---------------+-------------------------------------------------+-----
Axes           | 3 4 5 6 7 9 10 11 12 13 14 15 | 15.0
Dodging        | 2 3 4 5 6 7 8 9 10 | 10.1
Armour         | 3 4 5 6 7 8 9 10 11 12 13 | 13.1
Fighting       | 4 5 6 7 8 9 10 11 12 13 | 13.1
Bows           | 4 6 8 10 11 12 13 14 | 14.7

Action                   |  1- 3 |  4- 6 |  7- 9 | 10-12 | 13-15 | 16-18 || total
-------------------------+-------+-------+-------+-------+-------+-------++-------
Melee: Hand axe          |    78 |   292 |   182 |       |       |       ||   552
       War axe           |       |       |   247 |   178 |       |       ||   425
       Battleaxe         |       |       |       |     6 |   286 |   233 ||   525
 Fire: Shortbow          |       |       |   135 |   477 |  1181 |   358 ||  2151
Invok: Berserk           |     1 |       |       |     3 |     2 |     3 ||     9
       Burn Spellbooks   |       |       |     1 |     2 |     4 |     2 ||     9
       Brothers in Arms  |       |       |       |     2 |     2 |     1 ||     5
Evoke: Wand              |       |       |       |     3 |       |     7 ||    10
  Use: Scroll            |       |       |     9 |    13 |     9 |    13 ||    44
       Potion            |       |       |       |       |     2 |     2 ||     4
 Stab: Distracted        |       |       |       |       |     1 |       ||     1
  Eat: Chunk             |     2 |     7 |    12 |    17 |    42 |    12 ||    92
       Beef jerky        |       |       |       |     2 |       |     5 ||     7
       Pizza             |       |       |       |     1 |       |     3 ||     4
       Fruit             |       |       |       |       |       |     1 ||     1
Armor: Animal skin       |     7 |       |       |       |       |       ||     7
       Leather armour    |    29 |       |       |       |       |       ||    29
       Scale mail        |     9 |   215 |   250 |   151 |    28 |       ||   653
       Plate armour      |       |       |       |       |   299 |   502 ||   801
Dodge: Dodged            |    66 |   215 |   255 |   136 |   216 |   288 ||  1176
Block: Other             |       |       |    37 |    35 |    45 |    56 ||   173
       Reflection        |       |       |     6 |       |     5 |     2 ||    13
